Map: Rifts to Korhal

Players

raincamp

  • Race: Terran Terran
  • Spawn Location: 7:00

raincamp

  • Race: Terran Terran

VOD

Have the link to the VOD?

Description

Time

  • Played on: Dec. 14, 2017, 11:24 a.m.
  • Length: 16:11
Show
View Real Time Build Order
Export as new Build Order

raincamp Terran 

Build Orders:  

Get SALT Encoding   

  11  1:01  Supply Depot  
Show
View Real Time Build Order
Export as new Build Order

raincamp Terran 

Build Orders:  

Get SALT Encoding   

  12  0:05  Starport Tech Lab  
  12  0:08  SCV  
  13  0:25  SCV  
  13  0:28  Supply Depot  
  15  0:42  SCV  
  15  0:45  Refinery  
  16  1:03  SCV  
  17  1:20  SCV  
  17  1:37  SCV  
  18  1:46  Command Center  
  18  1:55  SCV  
  20  2:12  SCV  
  20  2:21  Assault Galleon  
  20  2:31  Engineering Bay  
  20  2:39  SCV  
  21  2:45  Refinery  
  21  2:56  SCV  
  23  3:13  SCV  
  23  3:26  Armory  
  25  3:30  SCV  
  25  3:31  Reaper  
  25  3:33  SCV  
  26  3:43  Reaper  
  26  3:45  Jetpack Overdrive  
  26  3:47  SCV  
  29  3:53  Reaper  
  29  3:54  SCV  
  30  4:03  Reaper  
  30  4:05  SCV  
  34  4:23  SCV  
  34  4:40  Command Center  
  34  4:41  SCV  
  34  4:46  SCV  
  35  4:58  SCV  
  37  5:00  LE9 Cluster Charges  
  37  5:03  SCV  
  37  5:04  Multi-Threaded Sensors  
  37  5:15  SCV  
  39  5:21  SCV  
  40  5:32  SCV  
  40  5:38  Reaper, SCV  
  42  5:43  Refinery  
  42  5:44  Refinery  
  42  5:48  Reaper, Assault Galleon  
  42  5:49  SCV, Assault Galleon  
  44  5:54  Horner Weapons Level 1  
  44  5:55  SCV  
  45  6:05  SCV  
  46  6:26  Supply Depot x2  
  46  6:27  Supply Depot  
  46  6:32  Assault Galleon  
  46  6:38  Assault Galleon  
  47  7:01  SCV x2  
  46  7:11  Theia Raven  
  46  7:15  Reaper  
  46  7:18  SCV  
  49  7:31  Reaper  
  49  7:32  Reaper x2  
  52  7:41  Reaper x2  
  53  8:22  SCV  
  53  8:24  Reaper x4  
  53  8:25  Reaper  
  58  8:34  Theia Raven, Reaper x2  
  62  8:45  Reaper x2  
  62  8:46  Reaper x3  
  67  8:50  Horner Weapons Level 2  
  67  8:55  Reaper x3  
  65  9:10  Reaper  
  65  9:11  Reaper x4  
  70  9:20  Reaper, Supply Depot x2  
  70  9:21  Reaper x4, Supply Depot  
  75  9:30  Reaper  
  75  9:31  Reaper x3  
  75  9:36  SCV  
  79  9:50  SCV  
  79  9:53  SCV  
  77  10:07  SCV  
  77  10:08  Reaper  
  77  10:09  Reaper x4  
  81  10:16  Theia Raven  
  81  10:18  Reaper  
  81  10:19  Reaper x4  
  88  10:28  Reaper  
  88  10:29  Reaper x4  
  93  10:38  Reaper  
  93  10:39  Reaper x4  
  95  10:48  Reaper  
  95  10:49  Reaper x4  
  97  10:58  Reaper  
  97  10:59  Reaper x4  
  100  11:08  Reaper  
  100  11:09  Reaper x4  
  105  11:18  Reaper  
  105  11:19  Reaper x4  
  110  11:28  Reaper  
  110  11:29  Reaper x4  
  111  11:38  Reaper  
  111  11:39  Reaper x4  
  116  11:48  Reaper  
  116  11:49  Reaper x4  
  121  11:53  Supply Depot  
  121  11:54  Supply Depot  
  121  11:58  Reaper  
  121  11:59  Reaper x2  
  116  12:41  Reaper x3  
  116  12:42  Reaper x2  
  116  12:45  Horner Weapons Level 3  
  117  12:51  Reaper x5  
  115  13:01  Reaper x5  
  111  13:11  Reaper x5  
  112  13:20  Reaper  
  112  13:21  Reaper x4  
  115  13:30  Reaper  
  115  13:31  Reaper x2  
  115  13:32  Reaper x2  
  120  13:40  Reaper  
  120  13:41  Reaper x2  
  120  13:42  Reaper x2  
  125  13:50  Reaper  
  125  13:51  Reaper x2  
  125  13:52  Reaper x2  
  130  14:00  Reaper  
  130  14:31  Reaper  
  130  14:32  Reaper x4  
  130  14:37  Deimos Viking  
  135  14:41  Reaper  
  135  14:42  Reaper x4  
  132  14:51  Reaper  
  132  14:52  Reaper x4  
  136  15:01  Reaper  
  136  15:02  Reaper x3  
  128  15:12  Reaper  
  128  15:13  Reaper x4  
  128  15:17  Deimos Viking  
  125  15:22  Reaper  
  125  15:23  Reaper x4  
  119  15:32  Reaper  
  119  15:39  Reaper  
  119  15:40  Reaper x3  
  119  15:42  Reaper  
Tags
 
Add a new tag
Caveats
  • Supply blocks, unpowered buildings, or Contaminate may cause inaccurate times.
  • Supply counts are checked every 10 seconds.